[Event "13th Chennai Open 2022"]
[Site "Chennai"]
[Date "2022.06.24"]
[Round "8.11"]
[White "Ravichandran, Siddharth"]
[Black "Ghosh Samriddhaa"]
[Result "1-0"]
[ECO "A01"]
[WhiteElo "2352"]
[BlackElo "1844"]
[Annotator "TA"]
[PlyCount "85"]
[EventDate "2022.06.19"]
[EventType "swiss"]
[EventCountry "IND"]
[SourceTitle "playchess.com"]
[Source "ChessBase"]
[SourceQuality "1"]
[TimeControl "5400+30"]

1. b3 e5 2. Bb2 Nc6 3. e3 d5 4. Bb5 Bd6 5. f4 Qh4+ 6. g3 Qe7 7. Nf3 Bg4 8. fxe5 {[%emt 0:04:14] A01: Nimzowitsch-Larsen Opening.} (8. Bxe5 {seems wilder.} Bxe5 9. fxe5 O-O-O 10. Bxc6 bxc6 11. Nc3) 8... Bxe5 9. Bxe5 Bxf3 {[%emt 0:00:21][%mdl 64] [#] Remove Defender} 10. Qxf3 {[%emt 0:00:08] White has an edge.} Qxe5 11. Nc3 Nf6 12. O-O-O O-O 13. d4 {[%emt 0:01:17] [#]} Qd6 $146 {[%emt 0:04:16] Strongly threatening ...Qa3+.} ({Predecessor:} 13... Qe6 14. Rhe1 a6 15. Bd3 Nb4 16. Bf5 Qd6 17. g4 g6 18. g5 Nh5 19. Bg4 Qxh2 {1-0 (30) Stolz,S (2316)-Hughes,C (830) LSS email 2015}) 14. Kb2 {[%emt 0:00:53] Prevents Qa3+.} Rae8 (14... a5 {is more complex.} 15. a3 a4 16. Nxa4 Ne4) 15. g4 Qe6 16. Rde1 (16. Rhe1 $14) 16... a6 $11 17. Bd3 {[%emt 0:05:34] next Bf5 is good for White.} Qxg4 18. Qf2 Ne4 (18... Qe6 $11) 19. Bxe4 $16 dxe4 20. Rhg1 Qf3 21. Qh4 Ne7 (21... g6 $2 22. Nd5 Re6 23. Nf4 $18) (21... f6 $142) 22. Qg5 {[%emt 0:03:52] White is more active.} ({But not} 22. Qxe4 $6 Qxe4 23. Nxe4 Nd5 $11) ({White must play} 22. Nxe4 $16 Ng6 {[#]} 23. Qxh7+ $3 Kxh7 24. Ng5+ Kg8 25. Nxf3) 22... Ng6 (22... g6 $1 $11) 23. Rg3 $1 $40 {[%emt 0:06:47][%mdl 128] White attacks.} Qf6 ({Better is} 23... h6 $14 24. Qd5 c6) 24. Qxf6 $18 gxf6 25. Nd5 Kg7 26. Nxc7 Rc8 (26... Rd8 $142) 27. Nd5 b5 28. Rf1 Rc6 29. h4 {[%emt 0:08:44] h5 is the strong threat.} h5 30. Rf5 Rh8 31. Rf2 Rd8 32. Rf5 (32. Nc3 $142) 32... Rh8 $1 33. c3 Rh6 (33... Kf8 $142 34. Nxf6 (34. Rxf6 Rxf6 35. Nxf6 Nxh4 $16) 34... Nxh4) 34. Rf2 {[%emt 0:02:34] And now Ne7 would win.} Re6 {[%emt 0:00:43] Inhibits Ne7.} 35. Nc7 Rc6 $2 (35... f5 {was called for.} 36. Nxe6+ fxe6) 36. Ne8+ Kf8 37. Nxf6 Nxh4 (37... Ne7 $142) 38. Rg8+ Ke7 39. Re8+ Kd6 40. Rxe4 Kc7 (40... Ng6 $142 41. Re8 Rh8 42. Rxh8 Nxh8 43. Nxh5 Ke7) 41. Nd5+ {[%emt 0:01:14] White is clearly winning.} Kd6 42. Nb4 Ng6 43. Rf6+ {[%emt 0:00:09] Weighted Error Value: White=0.31/Black=0.40} 1-0

[Event "13th Chennai Open 2022"]
[Site "Chennai"]
[Date "2022.06.24"]
[Round "8.12"]
[White "Daakshin Arun"]
[Black "Karthikeyan, P.."]
[Result "1-0"]
[ECO "E52"]
[WhiteElo "2016"]
[BlackElo "2361"]
[Annotator "TA"]
[PlyCount "71"]
[EventDate "2022.06.19"]
[EventType "swiss"]
[EventCountry "IND"]
[SourceTitle "playchess.com"]
[Source "ChessBase"]
[SourceQuality "1"]
[TimeControl "5400+30"]

1. d4 Nf6 2. c4 e6 3. Nc3 Bb4 4. Bd2 d5 5. e3 O-O 6. Nf3 b6 7. cxd5 exd5 8. Bd3 Bb7 9. Ne5 {[%emt 0:01:16] E52: Nimzo-Indian: Rubinstein: 4...0-0 5 Nf3 d5 6 Bd3 b6.} Bd6 10. O-O c5 11. Rc1 {[%emt 0:03:09] The position is equal.} a6 {[%emt 0:12:30] [#]} 12. a4 $146 ({Predecessor:} 12. f4 Nc6 13. Ng4 Nxg4 14. Qxg4 cxd4 15. Nxd5 dxe3 16. Bc3 Be5 17. fxe5 Qxd5 18. Be4 Qe6 {1-0 (32) Bluebaum,M (2673)-Tregubov,P (2543) Chess.com INT 2022}) 12... Nc6 13. Nxc6 Bxc6 14. b3 {[%emt 0:04:44] Inhibits c4.} Qe7 15. Qe2 Qb7 16. f3 Qb8 {[%emt 0:06:07] White must now prevent ...cxd4.} 17. g3 Re8 18. Qf2 Nd7 19. Ne2 b5 20. e4 c4 21. Bb1 f6 ({Black should play} 21... Ba3 $1 $15 22. Rc2 Qd6) 22. axb5 axb5 23. exd5 Bxd5 24. Nc3 $1 Bf7 25. bxc4 $1 Bxc4 26. Rfe1 Nb6 27. Be4 b4 28. Nd1 ({White should try} 28. Bxa8 $11 bxc3 29. Rxe8+ Qxe8 30. Be4 cxd2 31. Qxd2) 28... Bd5 29. Qe2 Bf7 {[%emt 0:10:20] [#] And now ...f5 would win.} 30. Ne3 Ra2 31. Qd3 $1 Kh8 32. Nf5 $1 Bc4 33. Rxc4 $11 Nxc4 (33... Rxd2 $1 $11 {and Black is okay.} 34. Qxd2 Nxc4) 34. Qxc4 $18 Rxd2 35. Qf7 {[%emt 0:00:31][%csl Gf5][%cal Rf7g7] Chess con chili.} Bf8 {[%emt 0:01:53] [#]} (35... Rg8 $18 36. Bd5 Bc7) 36. Nh6 $1 {[%emt 0:00:12][%mdl 512] Weighted Error Value: White=0.07 (flawless) /Black=0.45} 1-0

[Event "13th Chennai Open 2022"]
[Site "Chennai"]
[Date "2022.06.24"]
[Round "8.13"]
[White "Ramnathan, Balasubramaniam"]
[Black "Laxman, R.R."]
[Result "0-1"]
[ECO "C88"]
[WhiteElo "2119"]
[BlackElo "2420"]
[Annotator "TA"]
[PlyCount "90"]
[EventDate "2022.06.19"]
[EventType "swiss"]
[EventCountry "IND"]
[SourceTitle "playchess.com"]
[Source "ChessBase"]
[SourceQuality "1"]
[TimeControl "5400+30"]

1. e4 e5 2. Nf3 Nc6 3. Bb5 a6 4. Ba4 Nf6 5. O-O Be7 6. Re1 b5 7. Bb3 O-O 8. a4 Bb7 9. Nc3 d6 10. d3 Na5 11. Ba2 b4 12. Ne2 c5 13. Ng3 Bc8 14. Bd2 {[%emt 0:04:14] 14.c3 is the modern continuation.} Rb8 15. h3 {[%emt 0:03:12] C88: Closed Ruy Lopez: Anti-Marshall Systems.} Be6 16. Bxe6 fxe6 17. Ng5 {[%emt 0:05:45] The position is equal.} Qd7 18. f4 exf4 19. Bxf4 Nc6 20. Be3 h6 21. Nf3 {[%emt 0:00:05] [#]} d5 $146 ({Predecessor:} 21... Qe8 22. c3 bxc3 23. bxc3 Ne5 24. Nxe5 dxe5 25. Qc2 Qc6 26. c4 Rb7 27. Bd2 Rfb8 {0-1 (45) Chilchenko,N-Gutop,Y (2509) ICCF corr 1984}) 22. Bf4 Rbe8 23. Ne5 Nxe5 24. Bxe5 Bd6 $36 {[%emt 0:03:05][%mdl 2048] White is under pressure.} 25. Bxd6 (25. exd5 {looks sharper.} exd5 26. Bxd6 Qxd6 27. Nf5) 25... Qxd6 26. e5 Qc7 27. Nh5 (27. exf6 $11 Qxg3 28. Qh5) 27... Nd7 $15 28. Re3 ({White should try} 28. Qg4 $15 Re7 29. Nf6+ Nxf6 30. exf6 Rxf6 31. Rf1) 28... Rf5 $17 (28... Nxe5 29. Qe1 Nc6 30. Rxe6) 29. Qe2 Rxe5 ({Much weaker is} 29... Nxe5 $6 30. Ng3 Rg5 31. h4 $11) 30. Re1 Rxe3 31. Qxe3 Qd6 32. Qf3 Re7 (32... a5 {is more complex.} 33. b3 Kh7 34. Qf7 Re7) 33. c3 bxc3 34. bxc3 e5 35. Qg4 Qe6 36. Qh4 Rf7 {[%emt 0:01:58] Against Nf4} 37. d4 (37. c4 $17 {was called for.}) 37... cxd4 38. cxd4 Qb6 39. Rd1 Qb3 40. Qg4 Qxa4 41. Kh2 (41. dxe5 $142 Qxg4 42. hxg4 Nxe5 43. Rxd5 Nxg4 44. Rd4) 41... Qc6 42. Rd3 (42. dxe5 $142 Nxe5 43. Qd4) 42... exd4 43. Rg3 (43. Qxd4 $142 Qc7+ 44. Kg1) 43... Nf6 $19 44. Qg6 {[%emt 0:06:51] [#]} (44. Nxf6+ Qxf6 45. Ra3) 44... Qc7 $1 45. h4 (45. Qf5 Ne4) 45... Ne4 {[%emt 0:01:03] Weighted Error Value: White=0.68/Black=0.10 (very precise)} 0-1

[Event "13th Chennai Open 2022"]
[Site "Chennai"]
[Date "2022.06.24"]
[Round "8.14"]
[White "Nguyen, Thanh Thuy Tien"]
[Black "Nguyen, Van Huy"]
[Result "0-1"]
[ECO "B19"]
[WhiteElo "1996"]
[BlackElo "2405"]
[Annotator "TA"]
[PlyCount "120"]
[EventDate "2022.06.19"]
[EventType "swiss"]
[EventCountry "IND"]
[SourceTitle "playchess.com"]
[Source "ChessBase"]
[SourceQuality "1"]
[TimeControl "5400+30"]

1. e4 c6 2. d4 d5 3. Nc3 dxe4 4. Nxe4 Bf5 5. Ng3 Bg6 6. h4 h6 7. Nf3 e6 8. h5 Bh7 9. Bd3 Bxd3 10. Qxd3 Nf6 11. Bd2 c5 12. c4 {[%emt 0:10:54] B19: Classical Caro-Kann: 4...Bf5 main line.} (12. O-O-O $11) 12... Nc6 {[%emt 0:06:36] [#]} ({Black should try} 12... cxd4 $15 13. Qxd4 Nc6) 13. d5 $146 ({Predecessor:} 13. Bc3 cxd4 14. Nxd4 e5 15. Qe3 Nxd4 16. O-O-O Ng4 17. Qe4 Qg5+ 18. f4 Qxf4+ 19. Qxf4 exf4 20. Rxd4 {0-1 (34) Horn,E (2046)-Molchanova,T (2298) Izmir 2004}) 13... exd5 14. O-O-O {[%emt 0:04:39] White has an edge.} Be7 (14... Bd6 $1 $11 {keeps the balance.}) 15. Nf5 $16 O-O {[%emt 0:05:42] [#]} (15... Kf8 $16) 16. N3h4 $2 ({Only move:} 16. Bxh6 $1 $18 gxh6 (16... Ne8 17. Nxe7+) 17. Kb1) 16... Ne4 (16... Nd4 $5 17. Rde1 Bd6 $11) 17. cxd5 Nxd2 18. Nxe7+ Nxe7 19. d6 {[%emt 0:01:54] [#]} Nc6 $1 20. Rxd2 Qf6 (20... Re8 $11) 21. Qf5 $1 $14 Qe6 22. Qxe6 ({Much worse is} 22. Qxc5 Qxa2 23. Qa3 Qe6 $11) 22... fxe6 23. Ng6 Rf5 24. f4 Rd8 $1 25. g4 Rd5 26. Rxd5 exd5 $11 {[%emt 0:00:02][%mdl 4096] Endgame KRN-KRN} 27. Re1 Kf7 $1 (27... Rxd6 $2 28. Re8+ Kf7 29. Rf8+ Ke6 30. f5+ Kd7 31. Rf7+ Ke8 32. Rf8+ (32. Rxb7 Rd7 $16) 32... Kd7 33. Rf7+ Ke8 34. Rxg7 $18) 28. Ne5+ (28. g5 $11) 28... Nxe5 $15 29. fxe5 {[%emt 0:00:30] Strongly threatening e6+. KR-KR} Ke6 30. Rf1 Kxe5 (30... c4 {looks sharper.} 31. Kc2 b5 32. g5 hxg5 33. Rg1 Rd7) 31. Rf7 Rxd6 32. Rxg7 Rb6 33. g5 hxg5 34. Rxg5+ Ke4 35. Rg6 {[%emt 0:01:22] Inhibits Rh6. aiming for Rxb6.} Kf5 36. Rg7 a5 37. Rd7 $2 (37. b3 $11) 37... Ke5 (37... Ke4 $19 {Threatens to win with ...Rh6.} 38. Kc2 Rh6 39. Re7+ Kd4 40. Rxb7 Rxh5) 38. Rh7 {[%emt 0:00:04] Inhibits Rh6.} (38. Rg7 $1 $15) 38... Rb4 39. h6 b5 40. Rc7 Kd6 41. h7 $2 (41. Ra7 $17) 41... Rh4 $19 42. Rg7 c4 43. Kd2 Kc5 44. a3 $2 (44. Ke3 {was necessary.}) 44... b4 45. Ra7 (45. Ke2 $142 bxa3 46. bxa3) 45... bxa3 46. Rxa5+ Kd4 47. Rxa3 {[%emt 0:00:39] [#]} Rxh7 $2 (47... Rh2+ $1 $19 48. Kd1 Rxh7) 48. Rg3 $17 Rh2+ 49. Kc1 Re2 {[%emt 0:00:10] ...Rh2 is the strong threat. Black is more active.} 50. Rc3 (50. Rh3 $17 {only move.}) 50... Re3 (50... Ke5 $19 {White must now prevent ...Rh2.} 51. Kb1 Rg2) 51. Rc2 (51. Kd2 $17 Re5 52. Rh3) 51... Re1+ 52. Kd2 {[%emt 0:00:02] [#]} Rb1 {[%emt 0:00:04] Black mates.} 53. Ke2 Kc5 54. Ke3 d4+ 55. Ke4 Re1+ 56. Kf3 d3 57. Rh2 Kb4 58. Rd2 Kb3 59. Rh2 Re2 60. Rh4 Rxb2 {[%emt 0:00:06] Weighted Error Value: White=0.48/Black=0.34} 0-1

[Event "13th Chennai Open 2022"]
[Site "Chennai"]
[Date "2022.06.24"]
[Round "8.15"]
[White "Adireddy Arjun"]
[Black "Rajesh, V A V"]
[Result "0-1"]
[ECO "C76"]
[WhiteElo "1898"]
[BlackElo "2358"]
[Annotator "TA"]
[PlyCount "128"]
[EventDate "2022.06.19"]
[EventType "swiss"]
[EventCountry "IND"]
[SourceTitle "playchess.com"]
[Source "ChessBase"]
[SourceQuality "1"]
[TimeControl "5400+30"]

1. e4 e5 2. Nf3 Nc6 3. Bb5 a6 4. Ba4 d6 5. O-O Bd7 6. c3 g6 7. d4 Bg7 8. dxe5 dxe5 9. Be3 Nf6 10. Nbd2 O-O {[%emt 0:04:00] The main line 10...0-0 scores better than 10...Qe7.} 11. Bxc6 {[%emt 0:11:25] C76: Ruy Lopez: Deferred Steinitz: 5 c3 Bd7 6 d4 g6.} (11. Re1 {is interesting.} Qe7 12. b4 Rfd8 13. Qc2) 11... Bxc6 12. Nxe5 Bxe4 13. Nxe4 {[%emt 0:15:03] The position is equal.} (13. Qb3 {with more complications.} Bd5 14. c4 Re8 15. Ndf3) 13... Nxe4 14. Qxd8 Raxd8 {[%emt 0:00:10] [#]} 15. Nc4 $146 ({Predecessor:} 15. Nf3 Rd5 16. Rfd1 Rfd8 17. Rxd5 Rxd5 18. Re1 f5 19. Ng5 Nxg5 20. Bxg5 h6 21. Be3 {0-1 (40) Aakanksha,H (2230)-Padmini,R (2372) Ahmedabad 2020}) 15... Rd5 16. Rfd1 Rfd8 17. Rxd5 Rxd5 18. f3 Nc5 19. Bxc5 Rxc5 $11 {[%emt 0:00:21][%mdl 4096] Endgame KRB-KRN} 20. Ne3 Rb5 21. Nc4 Rd5 22. Ne3 (22. Kf1 $11) 22... Rd2 $1 $17 23. Nc4 Rc2 24. Rd1 b5 25. Rd8+ Bf8 26. Ne5 {[%emt 0:00:40] [#] And now Nd7 would win.} Kg7 $1 27. Rd7 Bc5+ 28. Kf1 Rf2+ 29. Ke1 Rxb2 30. Rxf7+ Kg8 31. Rd7 (31. Rxc7 $15 Bd6 32. Rc8+ Kg7 33. Ng4) 31... Rxg2 32. Ng4 {[%emt 0:01:20] [#]} Kf8 $1 ({Reject} 32... Rxa2 $6 33. Nf6+ Kf8 34. Nxh7+ Kg8 35. Nf6+ Kf8 36. Nh7+ Kg8 37. Nf6+ Kf8 38. Nh7+ $11) 33. Rxh7 Bd6 {[%emt 0:02:03] Black is more active.} ({And not} 33... Rxa2 34. Rxc7 Bd6 35. Rd7 $15) 34. h4 Rxa2 35. Nf6 (35. Kd1 {keeps fighting.}) 35... Rh2 $19 {[%emt 0:02:37] Strongly threatening ...Be5.} 36. Nd7+ Ke8 37. Nf6+ Kd8 38. Rh6 (38. Ne4 {was worth a try.}) 38... Rxh4 39. Rxg6 a5 40. Ne4 (40. Ke2 $142) 40... Be7 41. Ra6 a4 42. Ke2 a3 {[%emt 0:02:03] Threatens to win with ...Kc8.} 43. Ke3 $2 (43. Ra5) 43... Kc8 44. f4 Kb7 {[%emt 0:01:01] Inhibits Ra8.} 45. Rg6 Rh1 {[%emt 0:03:11] aiming for ...a2.} 46. Rg2 Kc6 ({Avoid the trap} 46... c5 $2 47. Rg7 Re1+ 48. Kf3 $19) 47. Kd4 Rf1 48. Ke5 (48. Kd3 $142) 48... Bd6+ 49. Nxd6 cxd6+ {[%emt 0:00:00][%cal Bc7d6,Bd6d5][%mdl 32] KR-KR} 50. Ke4 Kc5 51. Ra2 d5+ 52. Ke3 b4 53. cxb4+ Kxb4 {[%emt 0:00:11] ( -> ...Kb3)} 54. Rd2 Kc3 $2 (54... Re1+ $19 55. Kf2 Re4) 55. Rxd5 $2 {[%emt 0:00:06][%mdl 8192] White does not recover from this.} (55. Rd3+ $11 Kb4 56. Rd4+ Kc5 57. Ra4 d4+ 58. Ke4 Re1+ 59. Kd3 Re3+ 60. Kc2 Rc3+ 61. Kd2) 55... a2 {[%emt 0:00:22] Black mates.} 56. Ra5 a1=Q 57. Rxa1 Rxa1 {[%emt 0:00:06] KR-KP} 58. Ke4 Kc4 59. Ke5 Kc5 60. f5 Re1+ 61. Kf6 Kd6 62. Kg7 Rf1 63. f6 Ke6 64. Kh8 Kf7 {[%emt 0:00:04] Weighted Error Value: White=0.74/Black=0.13 (very precise)} 0-1

[Event "13th Chennai Open 2022"]
[Site "Chennai"]
[Date "2022.06.24"]
[Round "8.16"]
[White "Mrithyunjay Mahadevan"]
[Black "Kunal, M.."]
[Result "0-1"]
[ECO "B12"]
[WhiteElo "1661"]
[BlackElo "2277"]
[Annotator "TA"]
[PlyCount "72"]
[EventDate "2022.06.19"]
[EventType "swiss"]
[EventCountry "IND"]
[SourceTitle "playchess.com"]
[Source "ChessBase"]
[SourceQuality "1"]
[TimeControl "5400+30"]

1. e4 c6 2. d4 d5 3. e5 Bf5 4. h4 Qc8 5. h5 h6 6. c4 {[%emt 0:01:56] B12: Caro-Kann: Advance Variation.} e6 7. Nc3 {[%emt 0:00:37] [#]} Ne7 $146 ({Predecessor:} 7... Bb4 8. a3 Ba5 9. Be3 Ne7 10. Rc1 Bxc3+ 11. bxc3 Nd7 12. g4 Bh7 13. Nh3 Nb6 14. cxd5 Nexd5 {0-1 (38) Kostenko,P (2476)-Gunina,V (2518) Almaty 2016}) 8. g4 {[%emt 0:08:46] The position is equal.} Bh7 9. Be3 dxc4 10. a4 {[%emt 0:03:31] Against b5} (10. Bxc4 $11 Nd7 11. Nge2) 10... a5 (10... c5 $5) 11. Bxc4 Na6 12. Rc1 Nb4 13. Nh3 Ned5 14. Nf4 (14. Nxd5 $11 exd5 15. Be2) 14... Nxf4 $15 15. Bxf4 Qd7 16. O-O Be7 17. Be3 Rd8 18. f4 Nd5 (18... O-O $11 {keeps the balance.}) 19. Bxd5 $16 cxd5 20. f5 exf5 21. Qf3 (21. Nb5 $16 {[%cal Oe5e6] Hoping for e6!} O-O 22. Rc7) 21... f4 $1 $15 22. Nb5 O-O 23. Rc7 ({Don't blunder} 23. Qxf4 $2 Bg5 24. Qg3 Bxe3+ 25. Qxe3 Qxg4+ 26. Kf2 Qxh5 $19) 23... Qe6 $36 {[%emt 0:00:12][%mdl 2048] Keeping White busy.} 24. Bxf4 ({But not} 24. Qxf4 Bg5 25. Qg3 Bxe3+ 26. Qxe3 Qxg4+ 27. Kf2 Rc8 $17) 24... Be4 25. Qg3 Rc8 26. Rxb7 $2 (26. Be3 $17) 26... Rc2 $19 {[%emt 0:02:14][%cal Oe7h4] Strongly threatening ...Bh4!} 27. Rf2 {[%emt 0:00:48] [#]} Rxf2 28. Kxf2 {[%emt 0:00:04] [#]} f6 $2 (28... g5 $1 $19 {[%cal Rg5f4] is more deadly.} 29. hxg6 (29. Bd2 $2 f6 $19) 29... fxg6) 29. Ke2 $17 fxe5 {[%emt 0:02:05] Chess con chili.} 30. dxe5 (30. Bxe5 $17 {nothing else works.} Bf3+ 31. Qxf3 Rxf3 32. Kxf3) 30... d4 $19 {[%emt 0:06:17][%cal Bd5d4,Bd4d3,Bd3d2][%mdl 32] ( -> ...Qc4+)} 31. Rc7 {[%emt 0:00:25] Against Qc4+} (31. Rxe7 $142 Qxe7 32. Nd6) 31... d3+ 32. Kd2 Bd8 {[%emt 0:06:14] This bishop pair is nice.} 33. Ke3 d2 34. Nc3 Bxc7 35. Kxe4 Qc4+ 36. Ke3 {[%emt 0:00:14] [#]} Qxc3+ $3 {[%emt 0:30:23][%mdl 512] Weighted Error Value: White=0.88/Black=0.26 (precise)} 0-1

[Event "13th Chennai Open 2022"]
[Site "Chennai"]
[Date "2022.06.24"]
[Round "8.17"]
[White "Badrinarayanan N"]
[Black "Jubin Jimmy"]
[Result "0-1"]
[ECO "A00"]
[WhiteElo "1574"]
[BlackElo "2259"]
[Annotator "TA"]
[PlyCount "56"]
[EventDate "2022.06.19"]
[EventType "swiss"]
[EventCountry "IND"]
[SourceTitle "playchess.com"]
[Source "ChessBase"]
[SourceQuality "1"]
[TimeControl "5400+30"]

1. g3 d5 2. Bg2 e5 3. e3 Nf6 4. Ne2 Bd6 5. O-O O-O 6. d4 {[%emt 0:00:15] [#] A00: Irregular Openings.} Nbd7 $146 ({Predecessor:} 6... e4 7. b3 Bf5 8. c4 c6 9. Nbc3 Re8 10. cxd5 cxd5 11. Bd2 Nc6 12. Rc1 h6 {1-0 (49) Kekana,L (1182)-Nkoana,K (1059) Gauteng 2017}) 7. c4 dxc4 8. Nbc3 {[%emt 0:00:21] Black has an edge.} Qe7 9. Nb5 e4 10. Qc2 Nb6 11. a4 Nbd5 12. Nxd6 cxd6 13. Qxc4 Be6 {[%emt 0:02:02][%cal Od5e3,Bc8e6,Be6c4,Bc4d3][%mdl 32] White must now prevent ...Nxe3!} 14. Qc2 Nb4 15. Qd1 Bc4 16. Bd2 Nd3 {[%emt 0:03:26] Pair of Knights!} 17. Bc3 Rfc8 18. Qd2 Rc7 19. Nc1 Qe6 20. Nxd3 Bxd3 21. Rfc1 Rac8 22. b4 $2 {[%emt 0:03:14] [#] This move loses the game for White.} (22. Qe1 $17) 22... Nd5 $1 $19 23. Ra3 Qg4 24. Bf1 $2 (24. h3 Qe2 25. Qxe2 Bxe2 26. Bxe4 Rxc3 27. Raxc3 Rxc3 28. Rxc3 Nxc3 29. Bxb7) 24... Bxf1 {[%emt 0:00:00] Black is clearly winning.} ({And not} 24... Nxc3 25. Raxc3 Rxc3 26. Rxc3 $11) ({Not} 24... Rxc3 25. Rcxc3 Nxc3 26. Rxc3 $11) 25. Kxf1 {[%emt 0:00:04] [#]} Nxb4 $1 26. Qe2 (26. a5 h5) 26... Qf3 27. Qd2 Nd3 28. Rc2 Qh1+ {[%emt 0:00:00] Weighted Error Value: White=0.77/Black=0.06 (flawless)} 0-1

[Event "13th Chennai Open 2022"]
[Site "Chennai"]
[Date "2022.06.25"]
[Round "9.1"]
[White "Nitin, S.."]
[Black "Ravichandran, Siddharth"]
[Result "1/2-1/2"]
[ECO "B12"]
[WhiteElo "2399"]
[BlackElo "2352"]
[Annotator "TA"]
[PlyCount "95"]
[EventDate "2022.06.19"]
[EventType "swiss"]
[EventCountry "IND"]
[SourceTitle "playchess.com"]
[Source "ChessBase"]
[SourceQuality "1"]
[TimeControl "5400+30"]

1. e4 c6 2. d4 d5 3. e5 c5 4. dxc5 e6 5. a3 Bxc5 6. b4 {[%emt 0:04:45] B12: Caro-Kann: Advance Variation.} Be7 7. Nf3 Nd7 (7... a5 $5 ) 8. Be2 a5 9. b5 f6 10. Bb2 fxe5 11. Nxe5 Bf6 {[%emt 0:04:08] [#]} 12. f4 $146 ({Predecessor:} 12. Nd3 Bxb2 13. Nxb2 Qf6 14. c3 Ne7 15. O-O O-O 16. Qd2 Nc5 17. Ra2 e5 18. Nd3 {0-1 (46) Mullick,R (2386)-Ivanovic,M (2245) Belgrade 2021}) 12... Nh6 13. O-O O-O 14. c4 (14. Nd2 $11) 14... Nf5 $15 {[%emt 0:06:00] aiming for ...Ne3.} 15. Bd3 (15. cxd5 Ne3 16. Qd4 Nxf1 17. Bxf1 exd5 $17) 15... Bxe5 (15... dxc4 $1 $15 16. Bxf5 (16. Bxc4 $2 Ne3 $19) 16... exf5 17. Qd5+ Kh8 18. Qxc4 Nxe5 19. fxe5 Bg5) 16. fxe5 $11 Ne3 17. Rxf8+ Nxf8 (17... Qxf8 $11 18. Qd2 (18. Qh5 g6 $11) 18... Nxc4 19. Bxc4 dxc4) 18. Qd2 $1 $16 Ng4 {[%emt 0:00:08] Strongly threatening ...Qb6+.} 19. Qf4 $1 $36 {[%emt 0:04:10][%mdl 2048] White is on the roll.} dxc4 20. Bxc4 Qd1+ 21. Bf1 {[%emt 0:01:09] Black must now prevent Nd2. A strong pair of Bishops.} Ng6 22. Qd2 Qxd2 23. Nxd2 Ne3 24. Nc4 Nxc4 25. Bxc4 Nf4 (25... a4 $16 {was called for.} 26. Rd1 Kf7) 26. Rd1 $18 Nd5 27. a4 ({Don't play} 27. Bxd5 exd5 28. Rc1 (28. Rxd5 Be6 $16) 28... Bd7 $16) 27... Bd7 28. Bxd5 $2 (28. Rxd5 $18 exd5 29. Bxd5+ Kf8 30. Bxb7 (30. Ba3+ Ke8 $16)) 28... exd5 $14 29. Rxd5 $18 {[%emt 0:00:04][%mdl 4096] Endgame KRB-KRB} Be6 30. Rd6 Re8 31. Bc3 Kf7 32. Kf2 Rc8 33. Bxa5 {[%emt 0:02:29] Hoping for Bd2.} Ra8 34. Bd2 {[%emt 0:00:16] And now a5 would win.} Rxa4 35. Rb6 Ra7 36. Ke3 Bc8 37. Ke4 {[%emt 0:03:47] White is more active.} Ra2 38. e6+ Ke8 39. Rd6 {[%emt 0:02:10] Threatens to win with Bg5.} Ke7 $2 ({Black should try} 39... h6 $1 $14) 40. Ke5 {[%emt 0:00:10] Bg5+ would kill now.} h6 {[%emt 0:00:05] Prevents Bg5+.} 41. Rd4 $1 Rb2 42. Bb4+ Ke8 {[%emt 0:00:01] [#]} 43. e7 $2 (43. Re4 $1 $18 {is the precise move to win.}) 43... Re2+ $16 {[%emt 0:00:02] [#]} 44. Kf4 (44. Kd5 $1 $16 Rxg2 45. Bc5) 44... Bd7 $14 45. Kf3 Bxb5 46. Rf4 {[%emt 0:01:07] Rf5 is the strong threat.} Re6 $1 47. Rf8+ Kd7 48. Rd8+ {[%emt 0:01:58] Weighted Error Value: White=0.20 (precise) /Black=0.20 (precise)} 1/2-1/2

[Event "13th Chennai Open 2022"]
[Site "Chennai"]
[Date "2022.06.25"]
[Round "9.2"]
[White "Prasannaa.s"]
[Black "Savchenko, Boris"]
[Result "0-1"]
[ECO "B01"]
[WhiteElo "2164"]
[BlackElo "2524"]
[Annotator "TA"]
[PlyCount "114"]
[EventDate "2022.06.19"]
[EventType "swiss"]
[EventCountry "IND"]
[SourceTitle "playchess.com"]
[Source "ChessBase"]
[SourceQuality "1"]
[TimeControl "5400+30"]

1. e4 d5 2. exd5 Qxd5 3. Nc3 Qa5 4. d4 Nf6 5. Nf3 Bf5 6. Bc4 e6 7. Bd2 {[%cal Oc3d5] [#] Threatens to win with Nd5! B01: Scandinavian Defence.} Bb4 $1 {[%emt 0:01:30][%mdl 4] is recently more successful than 7...c6.} 8. a3 Bxc3 9. Bxc3 {[%emt 0:00:04] The position is equal.} Qb6 10. d5 Nbd7 11. dxe6 Bxe6 12. Bxe6 Qxe6+ 13. Qe2 Qxe2+ 14. Kxe2 O-O-O {[%emt 0:02:00] [#]} 15. Rhd1 $146 ({Predecessor:} 15. Rhe1 Nd5 16. Bd2 Nc5 17. Kf1 Rhe8 18. Rxe8 Rxe8 19. Re1 Rxe1+ 20. Kxe1 Kd7 21. Ke2 f6 22. c4 Nb6 23. Be3 Ne6 {½-½ (23) Thavandiran,S (2410)-Naroditsky,D (2616) Burlingame 2019}) 15... Ne4 16. Be1 Rhe8 {[%emt 0:00:00] [#] Strongly threatening ...Nc3+.} 17. Kf1 Nb6 18. Rxd8+ Rxd8 19. Ne5 f6 20. Nd3 Nd5 21. Rc1 b6 22. Ke2 Ne7 23. f3 Nd6 24. g4 Nc6 25. Bf2 {[%emt 0:00:00] Inhibits Nd4+.} Nc4 26. a4 a5 27. b3 Re8+ 28. Kf1 N4e5 29. Re1 Rd8 30. Nxe5 Nxe5 $11 {[%emt 0:00:00][%mdl 4096] Endgame KRB-KRN} 31. Re3 Kb7 32. Ke2 Rd7 33. h4 Nc6 34. c3 {[%emt 0:00:00] Prevents Nd4+.} Rd8 35. Bg3 Kc8 36. h5 {[%emt 0:00:00][%cal Oh5h6] Black should prevent h6!} h6 37. Re4 Kd7 38. Ke3 Rf8 39. Kf4 Ne7 40. Re1 f5 41. c4 $2 {[%emt 0:00:00][%mdl 8192] Against Nd5+. Loses the game.} (41. g5 $1 $14 {stays ahead.}) 41... g5+ $19 42. hxg6 Nxg6+ 43. Ke3 f4+ 44. Kf2 fxg3+ 45. Kxg3 {[%emt 0:00:00] KRN-KR} Rf6 46. Re4 Re6 {[%emt 0:00:00] aiming for ...Rxe4.} 47. Rxe6 Kxe6 {[%emt 0:00:00] KN-KP} 48. f4 Nf8 49. Kh4 Kf6 {[%emt 0:00:00] ( -> ...Nd7)} 50. Kh5 Kg7 {[%emt 0:00:00] Black mates.} 51. g5 hxg5 52. Kxg5 Ne6+ 53. Kf5 Nd4+ 54. Ke5 Nxb3 55. Kd5 c5 56. Kc6 Kf6 57. Kxb6 Kf5 {[%emt 0:00:00] Weighted Error Value: White=0.48/Black=0.03 (flawless)} 0-1